 Dungeon Crawl Stone Soup version 0.29-a0-11-ga75d3d97ab (webtiles) character file.

Game seed: 4733460973702547258

4307 sanka the Destroyer (level 10, -10/74 HPs)
             Began as a Gnoll Conjurer on Jan 28, 2022.
             Mangled by an orc warlord (15 damage)
             ... in a bailey.
             The game lasted 00:22:07 (12182 turns).

sanka the Destroyer (Gnoll Conjurer)               Turns: 12182, Time: 00:22:08

Health: -10/74     AC:  9    Str: 12    XL:     10   Next: 32%
Magic:  13/20      EV: 14    Int: 22    God:
Gold:   261        SH:  0    Dex: 11    Spells: 15/23 levels left

rFire   . . .      SeeInvis +   j - +1 dagger (elec)
rCold   . . .      Faith    .   (no shield)
rNeg    . . .      Spirit   .   J - +0 steam dragon scales
rPois   .          Reflect  .   B - +0 helmet
rElec   .          Harm     .   s - +0 cloak
rCorr   .          Rampage  .   (no gloves)
Will    .....                   D - +0 pair of boots
Stlth   +++.......              i - amulet of magic regeneration
HPRegen 0.22/turn               y - ring of see invisible
MPRegen 0.57/turn               e - +6 ring of strength

@: mighty, very slightly contaminated
A: fangs 1, strong nose, distributed training
a: no special abilities


You were in a bailey.
You visited 2 branches of the dungeon, and saw 10 of its levels.
You also visited: Bailey.

You collected 531 gold pieces.
You spent 270 gold pieces at shops.


Innate Abilities, Weirdness & Mutations

You have very sharp teeth.
Your uncanny sense of smell can sniff out nearby items.
Your experience applies equally to all skills.


   Skills:
 + Level 5.2 Fighting
 + Level 5.2 Short Blades
 + Level 5.2 Long Blades
 + Level 5.2 Axes
 + Level 5.2 Maces & Flails
 + Level 5.2 Polearms
 + Level 5.2 Staves
 + Level 5.2 Slings
 + Level 5.2 Bows
 + Level 5.2 Crossbows
 + Level 5.2 Throwing
 + Level 5.2 Armour
 + Level 7.0 Dodging
 + Level 6.7 Stealth
 + Level 5.2 Shields
 + Level 5.2 Unarmed Combat
 + Level 7.3 Spellcasting
 + Level 8.4 Conjurations
 + Level 4.2 Hexes
 + Level 4.2 Summonings
 + Level 4.2 Necromancy
 + Level 4.2 Translocations
 + Level 4.2 Transmutations
 + Level 4.2 Fire Magic
 + Level 4.2 Ice Magic
 + Level 4.2 Air Magic
 + Level 4.2 Earth Magic
 + Level 4.2 Poison Magic
 + Level 5.7 Invocations
 + Level 5.2 Evocations


You had 15 spell levels left.
You knew the following spells:

 Your Spells              Type           Power      Damage    Failure   Level
c - Stone Arrow           Conj/Erth      70%        3d11      1%          3
x - Searing Ray           Conj           90%        2d7       1%          2
z - Magic Dart            Conj           100%       1d8       1%          1
N - Passwall              Tmut/Erth      21%        N/A       1%          2

Your spell library contained the following spells:

 Spells                   Type           Power      Damage    Failure   Level
 Sandblast                Erth           52%        2d12      1%          1
 Corpse Rot               Necr/Air       52%        N/A       1%          2
 Poisonous Vapours        Pois/Air       52%        N/A       1%          2
 Dazzling Flash           Conj/Hex       70%        N/A       1%          3
 Fulminant Prism          Conj/Hex       17%        3d11      6%          4
 Iskenderun's Mystic Bla  Conj/Tloc      35%        2d8       6%          4
 Dispel Undead            Necr           26%        3d13      14%         4
 Death Channel            Necr           13%        N/A       91%         6

Inventory:

Hand Weapons
 j - a +1 dagger of electrocution (weapon)
 k - a +3 dagger of venom
Missiles
 A - 3 throwing nets {=f}
Armour
 s - a +0 cloak (worn)
 B - a +0 helmet (worn)
 D - a +0 pair of boots (worn)
 J - +0 steam dragon scales (worn)
Magical Staves
 o - a staff of air
Jewellery
 e - a +6 ring of strength (right hand)
 i - an amulet of magic regeneration (around neck)
 y - a ring of see invisible (left hand)
Wands
 p - a wand of polymorph (16)
 v - a wand of paralysis (12)
 E - a wand of iceblast (9)
Scrolls
 b - 4 scrolls of magic mapping
 d - a scroll of enchant armour {unknown}
 h - a scroll of immolation {!r}
 l - 3 scrolls of fear
 m - 2 scrolls of silence {!r}
 r - 2 scrolls of brand weapon
 t - 4 scrolls of teleportation {@r4}
 u - 3 scrolls of fog
 F - a scroll of summoning {unknown}
 G - a scroll of holy word
 I - a scroll of amnesia
Potions
 a - a potion of brilliance {unknown}
 c - a potion of might
 f - 3 potions of curing {@q1}
 g - 2 potions of cancellation
 n - a potion of ambrosia {unknown}
 q - 2 potions of heal wounds {unknown}
 w - 2 potions of degeneration {unknown}
 x - a potion of haste {unknown}
 z - 2 potions of flight
 C - a potion of magic {unknown}
 K - 2 potions of resistance {unknown}

Dungeon Overview and Level Annotations

Branches:
Dungeon (9/15)             Temple (1/1) D:5          Bailey (1/1)
   Lair: D:8-11         Orc: D:9-12

Altars:
Cheibriados
Dithmenos
Elyvilon
Gozag
Hepliaklqana
Kikubaaqudgha
Makhleb
Nemelex Xobeh
Okawaru
Sif Muna
Trog
Uskayaw
Vehumet
Wu Jian
Xom
Yredelemnul
Zin
The Shining One
Beogh

Shops:
D:6 *(:!? D:7

[
♣♣...≈≈≈.▒≈.........≈▒.≈≈≈.
♣∩...≈≈≈.▒≈....∩....≈▒()≈≈.
♣♣...≈≈≈.▒▒.........▒▒.≈≈≈.
♣...≈≈≈.▒≈..8...8..≈▒.(≈≈.
♣♣..▒▒▒'▒≈.........≈▒)▒▒▒.
♣.▒▒)..▒≈[!8...8?}≈▒...▒▒
♣▒▒....▒▒≈≈▒▒▒▒▒≈≈▒▒....▒
▒▒()....▒▒▒▒...▒▒▒▒......
▒.......go..........(....
▒..8..8(........(...8..8.
▒........................
▒▒.......................
▒▒...8...▒▒'')▒▒...8...▒
▒▒.....▒▒...(.▒▒.....▒▒
▒▒...▒▒.......▒▒...▒▒
≈≈▒▒▒▒▒.........▒▒▒▒▒≈≈
≈≈≈≈≈≈≈....∩....≈≈≈≈≈≈≈


You could see an orc warlord (corroded).


Message History

Aiming: Corrosive Bolt
Aim: an orc warlord, wielding a +0 war axe and wearing a +0 chain mail (moderately wounded, covered in acid, 81% to hit)
The bolt of acid hits the orc warlord!!
The orc warlord seems to be corroded for longer.
The orc warlord is heavily wounded.
Aiming: Corrosive Bolt
Aim: an orc warlord, wielding a +0 war axe and wearing a +0 chain mail (heavily wounded, covered in acid, 81% to hit)
The bolt of acid misses the orc warlord.
The orc warlord barely misses you.
Aiming: Corrosive Bolt
Aim: an orc warlord, wielding a +0 war axe and wearing a +0 chain mail (heavily wounded, covered in acid, 81% to hit)
The bolt of acid hits the orc warlord!
The orc warlord is severely wounded.
The now-empty wand crumbles to dust.
The orc warlord hits you with a +0 war axe.
* * * LOW HITPOINT WARNING * * *
You miscast Stone Arrow.
You are very lightly contaminated with residual magic.
Nothing appears to happen.
The orc warlord hits you with a +0 war axe!!
* * * LOW HITPOINT WARNING * * *
Unknown command.
The stone arrow hits the orc warlord!!
The orc warlord is almost dead.
The orc warlord completely misses you.
Unknown command.
The stone arrow hits the orc warlord!
The orc warlord is almost dead.
The orc warlord hits you with a +0 war axe!
You die...

Action                   |  1- 3 |  4- 6 |  7- 9 | 10-12 || total
-------------------------+-------+-------+-------+-------++-------
Melee: Unarmed           |     6 |       |       |       ||     6
       Bite              |     1 |     4 |    11 |     3 ||    19
       Punch             |     1 |       |     3 |     1 ||     5
       Dagger            |       |    27 |    90 |    20 ||   137
 Cast: Magic Dart        |    76 |   111 |   183 |     1 ||   371
       Searing Ray       |       |     9 |    24 |     1 ||    34
       Stone Arrow       |       |       |    54 |    58 ||   112
Evoke: Wand              |       |       |       |     7 ||     7
  Use: Scroll            |       |       |       |    11 ||    11
       Potion            |       |       |       |     3 ||     3
 Stab: Sleeping          |       |       |     3 |       ||     3
Armor: Robe              |       |    10 |    33 |       ||    43
       Steam dragon scal |       |       |       |    17 ||    17
Dodge: Dodged            |     1 |    67 |   129 |    29 ||   226

Levels and vault maps discovered:
D:1:      tarquinn_simple_flora_water_c, layout_basic,
          shapermc_ecumenical_altar_flowoftime, serial_bayou_pond_c,
          nrook_mini_backslash
D:2:      layout_basic, basic_altar
D:3:      layout_loops_corners, uniq_terence, uniq_crazy_yiuf_cottage,
          uniq_natasha
D:4:      layout_cave_pools, grunt_temple_overflow_holy_war,
          mainiacjoe_overflow_surrounded_room, serial_column_ruins,
          column_ruins_hut_water, column_ruins_temple_circle,
          column_ruins_columns_straight, column_ruins_grid_1,
          column_ruins_open_tiny, column_ruins_open_tiny,
          column_ruins_open_small, column_ruins_open_tiny, uniq_robin
D:5:      layout_rooms, minmay_temple_entry_large_hall
D:6:      layout_basic, minmay_shop_grid_forest, hangedman_decor_push,
          guppyfry_shop_venom
D:7:      layout_cave_pods, led_xom_imps, serial_shops, shop
D:8:      layout_basic, mainiacjoe_overflow_alcove_2, special_room
          [special_room_orc], minmay_fire_ice_demons, uniq_joseph
D:9:      layout_basic, enter_bailey_5, lightli_orcish_oven
Temple:   nicolae_temple_god_jail
Bailey:   bailey_axe_bossmonster_kennysheep, bailey

Notes
Turn   | Place    | Note
-------+----------+-------------------------------------------
     0 | D:1      | sanka the Gnoll Conjurer began the quest for the Orb.
     0 | D:1      | Reached XP level 1. HP: 13/13 MP: 6/6
   197 | D:1      | Reached XP level 2. HP: 17/19 MP: 3/7
   467 | D:1      | Found a faded altar of an unknown god.
   920 | D:1      | Learned a level 2 spell: Searing Ray
  1387 | D:2      | Reached XP level 3. HP: 25/25 MP: 6/9
  1451 | D:2      | Reached skill level 5 in Spellcasting
  1544 | D:2      | Found an ornate altar of the Wu Jian Council.
  1645 | D:2      | Reached skill level 1 in Invocations
  1775 | D:2      | Reached skill level 1 in Fighting
  1775 | D:2      | Reached skill level 1 in Short Blades
  1775 | D:2      | Reached skill level 1 in Long Blades
  1775 | D:2      | Reached skill level 1 in Axes
  1775 | D:2      | Reached skill level 1 in Maces & Flails
  1775 | D:2      | Reached skill level 1 in Polearms
  1775 | D:2      | Reached skill level 1 in Staves
  1775 | D:2      | Reached skill level 1 in Slings
  1775 | D:2      | Reached skill level 1 in Bows
  1775 | D:2      | Reached skill level 1 in Crossbows
  1775 | D:2      | Reached skill level 1 in Throwing
  1775 | D:2      | Reached skill level 1 in Armour
  1775 | D:2      | Reached skill level 1 in Shields
  1775 | D:2      | Reached skill level 1 in Unarmed Combat
  1775 | D:2      | Reached skill level 1 in Evocations
  1781 | D:2      | Reached XP level 4. HP: 32/32 MP: 4/11
  2160 | D:3      | Noticed Natasha
  2169 | D:3      | Killed Natasha
  2170 | D:3      | Reached skill level 1 in Hexes
  2170 | D:3      | Reached skill level 1 in Summonings
  2170 | D:3      | Reached skill level 1 in Necromancy
  2170 | D:3      | Reached skill level 1 in Translocations
  2170 | D:3      | Reached skill level 1 in Transmutations
  2170 | D:3      | Reached skill level 1 in Fire Magic
  2170 | D:3      | Reached skill level 1 in Ice Magic
  2170 | D:3      | Reached skill level 1 in Air Magic
  2170 | D:3      | Reached skill level 1 in Earth Magic
  2170 | D:3      | Reached skill level 1 in Poison Magic
  2292 | D:3      | Found a runed translucent door.
  2293 | D:3      | Noticed Crazy Yiuf
  2381 | D:3      | Noticed Terence
  2386 | D:3      | Killed Terence
  2387 | D:3      | Reached XP level 5. HP: 37/37 MP: 6/12
  2902 | D:3      | Noticed an ice beast
  2911 | D:3      | Killed an ice beast
  2912 | D:3      | Reached skill level 2 in Invocations
  2912 | D:3      | Reached XP level 6. HP: 44/44 MP: 7/13
  2991 | D:3      | Noticed Natasha
  3091 | D:3      | Identified the +1 leather armour of Failure {Rampage rCorr
                  | Str+3 Dex-2}
  3168 | D:3      | Killed Natasha
  3306 | D:3      | Killed Crazy Yiuf
  3307 | D:3      | Reached skill level 5 in Dodging
  3527 | D:3      | Noticed Natasha
  3531 | D:3      | Killed Natasha
  3532 | D:3      | Reached skill level 2 in Fighting
  3532 | D:3      | Reached skill level 2 in Short Blades
  3532 | D:3      | Reached skill level 2 in Long Blades
  3532 | D:3      | Reached skill level 2 in Axes
  3532 | D:3      | Reached skill level 2 in Maces & Flails
  3532 | D:3      | Reached skill level 2 in Polearms
  3532 | D:3      | Reached skill level 2 in Staves
  3532 | D:3      | Reached skill level 2 in Slings
  3532 | D:3      | Reached skill level 2 in Bows
  3532 | D:3      | Reached skill level 2 in Crossbows
  3532 | D:3      | Reached skill level 2 in Throwing
  3532 | D:3      | Reached skill level 2 in Armour
  3532 | D:3      | Reached skill level 2 in Shields
  3532 | D:3      | Reached skill level 2 in Unarmed Combat
  3532 | D:3      | Reached skill level 2 in Evocations
  3582 | D:4      | Identified the -4 helmet of the Grey Skies {Harm Int-2
                  | Slay+5}
  3582 | D:4      | Noticed Robin
  3922 | D:3      | Killed Robin
  4192 | D:4      | Found an iron altar of Okawaru.
  4244 | D:4      | Found a basalt altar of Yredelemnul.
  4250 | D:4      | Found a glowing golden altar of the Shining One.
  4252 | D:4      | Noticed an angel
  4293 | D:4      | Found a faded altar of an unknown god.
  4324 | D:3      | HP: 4/44 [gnoll (7)]
  4665 | D:4      | Reached XP level 7. HP: 35/50 MP: 9/15
  5186 | D:5      | Entered Level 5 of the Dungeon
  5220 | D:5      | Reached skill level 2 in Hexes
  5220 | D:5      | Reached skill level 2 in Summonings
  5220 | D:5      | Reached skill level 2 in Necromancy
  5220 | D:5      | Reached skill level 2 in Translocations
  5220 | D:5      | Reached skill level 2 in Transmutations
  5220 | D:5      | Reached skill level 2 in Fire Magic
  5220 | D:5      | Reached skill level 2 in Ice Magic
  5220 | D:5      | Reached skill level 2 in Air Magic
  5220 | D:5      | Reached skill level 2 in Earth Magic
  5220 | D:5      | Reached skill level 2 in Poison Magic
  5287 | D:5      | Reached skill level 5 in Stealth
  5318 | D:5      | Reached skill level 3 in Invocations
  5406 | D:5      | Reached XP level 8. HP: 57/57 MP: 16/16
  5473 | D:5      | Reached skill level 3 in Fighting
  5473 | D:5      | Reached skill level 3 in Short Blades
  5473 | D:5      | Reached skill level 3 in Long Blades
  5473 | D:5      | Reached skill level 3 in Axes
  5473 | D:5      | Reached skill level 3 in Maces & Flails
  5473 | D:5      | Reached skill level 3 in Polearms
  5473 | D:5      | Reached skill level 3 in Staves
  5473 | D:5      | Reached skill level 3 in Slings
  5473 | D:5      | Reached skill level 3 in Bows
  5473 | D:5      | Reached skill level 3 in Crossbows
  5473 | D:5      | Reached skill level 3 in Throwing
  5473 | D:5      | Reached skill level 3 in Armour
  5473 | D:5      | Reached skill level 3 in Shields
  5473 | D:5      | Reached skill level 3 in Unarmed Combat
  5473 | D:5      | Reached skill level 3 in Evocations
  5564 | D:5      | Reached skill level 6 in Spellcasting
  5783 | D:5      | Found a staircase to the Ecumenical Temple.
  5809 | Temple   | Entered the Ecumenical Temple
  6435 | D:6      | Found Ziumiw's Magic Scroll Boutique.
  6438 | D:6      | Found Jola's Distillery.
  6438 | D:6      | Found Tiuff's Antique Weapon Boutique.
  6445 | D:6      | Found Odamem's Book Boutique.
  6488 | D:6      | Reached skill level 4 in Invocations
  6497 | D:6      | Reached skill level 3 in Hexes
  6497 | D:6      | Reached skill level 3 in Summonings
  6497 | D:6      | Reached skill level 3 in Necromancy
  6497 | D:6      | Reached skill level 3 in Translocations
  6497 | D:6      | Reached skill level 3 in Transmutations
  6497 | D:6      | Reached skill level 3 in Fire Magic
  6497 | D:6      | Reached skill level 3 in Ice Magic
  6497 | D:6      | Reached skill level 3 in Air Magic
  6497 | D:6      | Reached skill level 3 in Earth Magic
  6497 | D:6      | Reached skill level 3 in Poison Magic
  6798 | D:6      | Reached skill level 6 in Dodging
  6798 | D:6      | Reached XP level 9. HP: 57/65 MP: 18/18
  7128 | D:6      | Found Voeroyj's Serpentskin Sales.
  7348 | D:7      | Found Uwileif Ute's Armour Emporium.
  7392 | D:7      | Found a shimmering altar of Xom.
  7470 | D:7      | Reached skill level 4 in Fighting
  7470 | D:7      | Reached skill level 4 in Short Blades
  7470 | D:7      | Reached skill level 4 in Long Blades
  7470 | D:7      | Reached skill level 4 in Axes
  7470 | D:7      | Reached skill level 4 in Maces & Flails
  7470 | D:7      | Reached skill level 4 in Polearms
  7470 | D:7      | Reached skill level 4 in Staves
  7470 | D:7      | Reached skill level 4 in Slings
  7470 | D:7      | Reached skill level 4 in Bows
  7470 | D:7      | Reached skill level 4 in Crossbows
  7470 | D:7      | Reached skill level 4 in Throwing
  7470 | D:7      | Reached skill level 4 in Armour
  7470 | D:7      | Reached skill level 4 in Shields
  7470 | D:7      | Reached skill level 4 in Unarmed Combat
  7470 | D:7      | Reached skill level 4 in Evocations
  8052 | D:7      | Reached skill level 6 in Stealth
  8052 | D:7      | Reached skill level 8 in Conjurations
  8799 | D:6      | Bought a book of Geomancy for 270 gold pieces
  8803 | D:6      | Learned a level 3 spell: Stone Arrow
  8806 | D:6      | Learned a level 2 spell: Passwall
  9727 | D:8      | Noticed Joseph
 10055 | D:8      | Killed Joseph
 10056 | D:8      | Reached skill level 5 in Invocations
 10286 | D:8      | Reached skill level 7 in Spellcasting
 10636 | D:8      | Reached skill level 4 in Hexes
 10636 | D:8      | Reached skill level 4 in Summonings
 10636 | D:8      | Reached skill level 4 in Necromancy
 10636 | D:8      | Reached skill level 4 in Translocations
 10636 | D:8      | Reached skill level 4 in Transmutations
 10636 | D:8      | Reached skill level 4 in Fire Magic
 10636 | D:8      | Reached skill level 4 in Ice Magic
 10636 | D:8      | Reached skill level 4 in Air Magic
 10636 | D:8      | Reached skill level 4 in Earth Magic
 10636 | D:8      | Reached skill level 4 in Poison Magic
 10636 | D:8      | Reached XP level 10. HP: 73/73 MP: 14/20
 10850 | D:8      | Identified +0 steam dragon scales
 10926 | D:8      | Reached skill level 5 in Fighting
 10926 | D:8      | Reached skill level 5 in Short Blades
 10926 | D:8      | Reached skill level 5 in Long Blades
 10926 | D:8      | Reached skill level 5 in Axes
 10926 | D:8      | Reached skill level 5 in Maces & Flails
 10926 | D:8      | Reached skill level 5 in Polearms
 10926 | D:8      | Reached skill level 5 in Staves
 10926 | D:8      | Reached skill level 5 in Slings
 10926 | D:8      | Reached skill level 5 in Bows
 10926 | D:8      | Reached skill level 5 in Crossbows
 10926 | D:8      | Reached skill level 5 in Throwing
 10926 | D:8      | Reached skill level 5 in Armour
 10926 | D:8      | Reached skill level 5 in Shields
 10926 | D:8      | Reached skill level 5 in Unarmed Combat
 10926 | D:8      | Reached skill level 5 in Evocations
 11264 | D:8      | Found an ornate altar of the Wu Jian Council.
 11740 | D:9      | Found a flagged portal.
 11765 | Bailey   | Entered a bailey
 11770 | Bailey   | Noticed an orc warlord
 11946 | Bailey   | Reached skill level 7 in Dodging
 12004 | Bailey   | Found a runed translucent gate.
 12006 | Bailey   | Found a runed translucent gate.
 12007 | Bailey   | Found a runed translucent gate.
 12180 | Bailey   | HP: 4/74 [orc warlord (21)]
 12182 | Bailey   | Mangled by an orc warlord

Vanquished Creatures
  Joseph (D:8)
  A steam dragon (D:8)
  2 water moccasins
  6 orc warriors
  A sky beast (D:7)
  A black bear (D:8)
  3 ice beasts
  An ogre (D:6)
  A hornet zombie (D:8)
  A necrophage (D:6)
  A centaur (D:7)
  3 phantoms
  2 kobold brigands
  2 bullfrogs
  2 scorpions
  2 wyvern skeletons
  6 killer bees (D:8)
  5 wights (D:9)
  4 crimson imps
  Crazy Yiuf (D:3)
  A jelly (D:6)
  2 bullfrog skeletons
  3 hounds
  2 gnoll shamans
  An orc priest (D:8)
  Terence (D:3)
  3 iguanas
  Natasha (thrice) (D:3)
  An orc wizard (D:6)
  A howler monkey zombie (D:7)
  Robin (D:3)
  7 adders
  16 gnolls
  A shadow imp (D:6)
  2 white imps
  An adder skeleton (D:4)
  2 worms
  4 dart slugs
  38 orcs
  7 endoplasms
  4 giant cockroaches
  21 goblins
  12 hobgoblins
  3 jackals (D:2)
  7 quokkas
  9 ball pythons
  2 bats (D:3)
  4 frilled lizards
  26 kobolds
  4 rats
235 creatures vanquished.

Vanquished Creatures (others)
  A bullfrog (D:8)
  2 fungi (D:3)
  2 withered plants (D:1)
5 creatures vanquished.

Grand Total: 240 creatures vanquished
